 Dungeon Crawl Stone Soup version 0.26.0-3-g156281e41b (webtiles) character file.

Game seed: 10516790269511840388

51 EnegeticOcto the Covered (level 3, -4/34 HPs)
             Began as a Deep Dwarf Fighter on Jan 9, 2021.
             Slain by a gnoll
             ... wielding a +0 spear
              (5 damage)
             ... on level 3 of the Dungeon.
             The game lasted 00:00:19 (246 turns).

EnegeticOcto the Covered (Deep Dwarf Fighter)        Turns: 246, Time: 00:00:19

Health: -4/34      AC:  7    Str: 20    XL:     3   Next: 57%
Magic:  3/3        EV:  7    Int:  8    God:
Gold:   7          SH:  0    Dex: 12    Spells: 2/2 levels left

rFire    . . .     SeeInvis .   a - +0 war axe
rCold    . . .     Faith    .   c - +0 kite shield
rNeg     . . .     Spirit   .   b - +0 scale mail
rPois    .         Reflect  .   (no helmet)
rElec    .         Harm     .   (no cloak)
rCorr    .         Rampage  .   (no gloves)
Will     .....                  (no boots)
Stlth    ..........             (no amulet)
HPRegen  0.00/turn              (no ring)
MPRegen  0.08/turn              (no ring)

@: confused, non-regenerating
A: damage resistance, heal wounds, sense surroundings 1, no regeneration
a: Heal Wounds


You were on level 3 of the Dungeon.
You visited 1 branch of the dungeon, and saw 3 of its levels.

You collected 7 gold pieces.

Inventory:

Hand Weapons
 a - a +0 war axe (weapon)
Armour
 b - a +0 scale mail (worn)
 c - a +0 kite shield (worn)
Scrolls
 e - a scroll of magic mapping {unknown}
Potions
 d - a potion of might {@q3}


   Skills:
 + Level 3.0 Fighting
 * Level 3.2 Axes
 + Level 3.7 Armour
 + Level 3.7 Shields


You had 2 spell levels left.
You didn't know any spells.
Your spell library was empty.

Dungeon Overview and Level Annotations

Branches:
Dungeon (3/15)

Altars:

Annotations:
D:3 Natasha


Innate Abilities, Weirdness & Mutations

You are resistant to damage.
You can heal yourself by infusing magical energy.
You passively map a small area around you.
You do not regenerate.


Message History

No target in view!
No target in view!
No target in view!
No target in view!
No target in view!
No target in view!
No target in view!
No target in view!
Something hits you but does no damage.
Found a stone staircase leading down.
You hear some strange, mumbled words.
You are confused.
You are too confused!
You are too confused!
You are too confused!
You are too confused!
You are too confused!
You are too confused!
You are too confused!
You are too confused!
You are too confused!
You are too confused!
You are too confused!
You are too confused!
You are too confused!
You're too confused to move!
Something hits you. Something hits you but does no damage.
You're too confused to move!
Something hits you but does no damage.
You feel less confused. Something hits you but does no damage.
A gnoll comes into view. It is wielding a +0 club.
The gnoll shouts!
You hear a shout!
You block something's attack.
Natasha, Servant of Life and Death comes into view.
A gnoll comes into view. It is wielding a +0 flail.
Natasha hisses angrily.
You hear some strange, mumbled words.
You are confused.
You hear some strange, mumbled words.
You are more confused.
You are too confused!
You are too confused!
You are too confused!
You are too confused!
You are too confused!
You are too confused!
You are too confused!
You are too confused!
You are too confused!
You are too confused!
You are too confused!
You bump into the rock wall.
You are too confused!
You are too confused!
You are too confused!
You are too confused!
You are too confused!
You are too confused!
You are too confused!
You are too confused!
You are too confused!
You are too confused!
You are too confused!
You are too confused!
You are too confused!
You are too confused!
You are too confused!
You are too confused!
You are too confused!
You are too confused!
You are too confused!
You are too confused!
You are too confused!
Natasha closely misses you. Something hits you but does no damage.
Natasha closely misses you. 2 gnolls come into view.
The gnoll shouts!
Natasha barely misses you.
The gnoll moves out of view.
The gnoll hits you from afar with a +0 halberd.
You miss Natasha. You miss something. The gnoll hits you but does no damage.
Natasha barely misses you.
The gnoll hits you from afar with a +0 spear.
You hear some strange, mumbled words.
A puff of flame appears from out of thin air!
The puff of flame hits you!
Natasha casts a spell.
Your shield prevents you from hitting Natasha.
You miss something.
The gnoll hits you from afar with a +0 spear.
The gnoll hits you from afar with a +0 halberd!
* * * LOW HITPOINT WARNING * * *
Something hits you.
* * * LOW HITPOINT WARNING * * *
Natasha claws you.
* * * LOW HITPOINT WARNING * * *
The gnoll barely misses you. Something hits you but does no damage.
The gnoll hits you from afar with a +0 halberd.
* * * LOW HITPOINT WARNING * * *
The crimson imp hits you but does no damage.
The gnoll hits you from afar with a +0 spear!
You die...

, , * ##.#... . *
, ..... .,# * * *
#.#.# .#.#. *
#.#.##....# * *
##....>....
#.g.gg...
###.##(#.##.#
#..g.h@.....# ,,
#...{5##.####
#.....#*,# *,
#.....# ,
##.....##, ,
##.......# * #
*##).#####.# ,,
####.##†#.......#
,
#......<.)...##.#
,


You could see Natasha, 3 gnolls and a crimson imp (summoned).

Vanquished Creatures
  An orc wizard (D:3)
  A worm (D:2)
  2 orcs (D:3)
  A ball python (D:3)
  2 hobgoblins
  2 jackals (D:1)
  A kobold (D:3)
  2 bats (D:1)
  3 goblins
  3 rats
18 creatures vanquished.

Notes
Turn   | Place    | Note
-------+----------+-------------------------------------------
     0 | D:1      | EnegeticOcto the Deep Dwarf Fighter began the quest for the
                  | Orb.
     0 | D:1      | Reached XP level 1. HP: 20/20 MP: 1/1
    58 | D:1      | Reached XP level 2. HP: 22/27 MP: 2/2
   211 | D:3      | Reached XP level 3. HP: 31/34 MP: 3/3
   236 | D:3      | Noticed Natasha
   245 | D:3      | HP: 1/34 [gnoll/+0 halberd (5)]
   246 | D:3      | Slain by a gnoll

Illustrated notes

Levels and vault maps discovered:
D:1:      dpeg_arrival_arbitrary_c, layout_basic, kennysheep_nondescript
D:2:      kb_forest_paths, layout_basic, uniq_terence, uniq_sigmund
D:3:      layout_loops_cross, overflow_temple_1_default,
          nicolae_overflow_hidden_temple, uniq_jessica, uniq_grinder,
          uniq_natasha

Skill      XL: |  1  2 |
---------------+-------+-----
Fighting       | 3 |  3.0
Axes           | 3 |  3.2
Armour         | |  3.7
Shields        | |  3.7

Action                   || total
-------------------------++-------
Melee: War axe           ||    54
 Abil: Heal Wounds       ||     1
Armor: Scale mail        ||    49
Dodge: Dodged            ||    25
Block: Kite shield       ||    28
